 Dungeon Crawl Stone Soup version 0.29-a0-283-ga02f740833 (webtiles) character file.

Game seed: 10413131143405357391

179 PaleWalker the Caller (level 5, -9/21 HPs)
             Began as a Felid Summoner on Mar 13, 2022.
             Killed by divine providence
             ... invoked by an orc priest
              (13 damage)
             ... on level 3 of the Dungeon.
             The game lasted 00:25:26 (5531 turns).

PaleWalker the Caller (Felid Summoner)              Turns: 5531, Time: 00:25:29

Health: -9/21      AC:  2    Str:  4    XL:     5   Next: 33%
Magic:  7/12       EV: 17    Int: 18    God:
Gold:   204        SH:  0    Dex: 17    Spells: 3/12 levels left
                                        Lives:  0   Deaths: 1

rFire   . . .      SeeInvis +   (weapon unavailable)
rCold   . . .      Faith    .   (shield unavailable)
rNeg    . . .      Spirit   .   (body armour unavailable)
rPois   .          Reflect  .   (helmet unavailable)
rElec   .          Harm     .   (cloak unavailable)
rCorr   .          Rampage  .   (gloves unavailable)
Will    .....                   (boots unavailable)
Stlth   ++........              (no amulet)
HPRegen 0.07/turn               (no ring)
MPRegen 0.13/turn               (no ring)

@: quick
A: very small, claws 1, fangs 3, see invisible, speed 1, shaggy fur 2, stealthy
paws, no weapons or thrown items, no armour, multi-lived
a: no special abilities


You were on level 3 of the Dungeon.
You visited 1 branch of the dungeon, and saw 4 of its levels.

You collected 204 gold pieces.

Inventory:

Scrolls
 c - 2 scrolls of vulnerability
 d - a scroll of noise
 e - 2 scrolls of teleportation
 k - a scroll of immolation
 n - a scroll of fear
Potions
 a - a potion of magic
 b - a potion of curing
 f - a potion of brilliance {unknown}
 g - 2 potions of ambrosia {unknown}
 i - a potion of degeneration {unknown}
 j - a potion of invisibility {unknown}
 l - a potion of might {unknown}
 m - a potion of cancellation {unknown}


   Skills:
 - Level 2.6 Dodging
 - Level 2.6 Stealth
 + Level 4.2 Spellcasting
 + Level 3.0 Hexes
 + Level 5.8 Summonings


You had 3 spell levels left.
You knew the following spells:

 Your Spells              Type           Power      Damage    Failure   Level
a - Summon Small Mammal   Summ           96%        N/A       1%          1
b - Call Imp              Summ           24%        N/A       1%          2
c - Call Canine Familiar  Summ           24%        N/A       3%          3
d - Summon Guardian Gole  Hex/Summ       19%        N/A       7%          3

Your spell library contained the following spells:

 Spells                   Type           Power      Damage    Failure   Level
 Summon Lightning Spire   Summ/Air       14%        N/A       38%         4


Dungeon Overview and Level Annotations

Branches:
Dungeon (4/15)
 Temple: D:4-7

Altars:
Dithmenos
Zin

Shops:
D:3 [:


Innate Abilities, Weirdness & Mutations

You have sharp claws.
You have razor-sharp teeth.
You have supernaturally acute eyesight. (SInv)
You cover ground quickly. (Speed+)
You are covered in thick fur. (AC +2)
Your paws help you pounce on unaware monsters.
You are incapable of wielding weapons or throwing items.
You cannot wear armour.
You gain extra lives every three experience levels.


Message History

There is a stone staircase leading down here.
Casting: Call Canine Familiar (quite dangerous; 3% risk of failure)
Confirm with . or Enter, or press ? or * to list all spells.
The spell is quite dangerous to miscast (3% risk of failure)!
Continue anyway?
The orc priest hits you with a +0 hand axe.
Casting: Call Canine Familiar (quite dangerous; 3% risk of failure)
Confirm with . or Enter, or press ? or * to list all spells.
A beastly little devil appears in a puff of flame.
Your crimson imp says, "You called?"
The orc priest barely misses you. The orc priest misses your hound.
The orc priest hits your crimson imp with a +0 hand axe.
What are your orders? t - Meow!
Orders for allies: a - Attack new target. r - Retreat! s - Stop attacking. g - Guard the area. f - Follow me.
Anything else - Cancel.
Gang up on whom?
Press: ? - help, Dir - move target, f - orc priest
Aim: an orc priest, wielding a +0 hand axe and wearing a +0 leather armour (ally target) Attack!
Your hound barely misses the orc priest.
The orc priest mumbles some strange prayers to Beogh against you.
Pain shoots through your body!
Your hound bites the orc priest but does no damage.
Your crimson imp hits the orc priest but does no damage.
You scratch the orc priest but do no damage.
Your hound bites the orc priest but does no damage.
The orc priest hits you with a +0 hand axe.
* * * LOW HITPOINT WARNING * * *
The orc priest hits your hound with a +0 hand axe.
The orc priest barely misses your crimson imp.
Your crimson imp barely misses the orc priest.
You scratch the orc priest. Your bite misses the orc priest.
The orc priest is moderately wounded.
Your hound bites the orc priest but does no damage.
The orc priest mumbles some strange prayers to Beogh against you.
Beogh smites you!
Ouch! That really hurt!
You die...

...#####..........#
..## ####.####..#
#.# #.# #..# #.#
#[# #..# #.# #.#
#<.# #.# #.# #..#
#># #.# #..# #.#
#.# #5.# #.## #.#
#@o# #..# #.# #.h#
##.# #.# #..#
##.########.####..#
..................#
##.##.###########.#
##.....##########.#
..................#
####...############


You could see an orc priest (ally target), a friendly hound (summoned) and a
friendly crimson imp (summoned).

Vanquished Creatures
  2 bats (D:2)
  A jackal (D:1)
  A quokka (D:4)
  A ball python (D:1)
  2 rats
7 creatures vanquished.

Vanquished Creatures (collateral kills)
  A necrophage (D:4)
  A jelly (D:4)
  A hound (D:4)
  An orc priest (D:3)
  An iguana (D:4)
  7 adders
  A white imp (D:3)
  3 worms
  7 orcs
  6 endoplasms
  2 giant cockroaches (D:1)
  5 goblins
  2 hobgoblins (D:1)
  6 jackals
  8 kobolds
  3 ball pythons
  3 bats
  A frilled lizard (D:3)
  4 rats
63 creatures vanquished.

Vanquished Creatures (others)
  2 plants (D:1)
2 creatures vanquished.

Grand Total: 72 creatures vanquished

Notes
Turn   | Place    | Note
-------+----------+-------------------------------------------
     0 | D:1      | PaleWalker the Felid Summoner began the quest for the Orb.
     0 | D:1      | Reached XP level 1. HP: 7/7 MP: 4/4
   632 | D:1      | Reached XP level 2. HP: 11/11 MP: 1/6
  1166 | D:1      | Found a faded altar of an unknown god.
  1425 | D:2      | Reached XP level 3. HP: 14/14 MP: 5/8
  1428 | D:2      | Learned a level 2 spell: Call Imp
  2490 | D:3      | Reached XP level 4. HP: 18/18 MP: 6/9
  2619 | D:3      | Learned a level 3 spell: Call Canine Familiar
  2635 | D:3      | Found Pysex's Book Shoppe.
  2638 | D:3      | Found a glowing silver altar of Zin.
  2856 | D:3      | Learned a level 3 spell: Summon Guardian Golem
  3030 | D:3      | Reached skill level 5 in Summonings
  3359 | D:3      | Found Atsonarera's Antique Armour Boutique.
  3627 | D:3      | Reached XP level 5. HP: 21/21 MP: 9/11
  3644 | D:3      | Found a shadowy altar of Dithmenos.
  4253 | D:4      | Reached skill level 1 in Hexes
  4363 | D:4      | Gained mutation: You are covered in thick fur. (AC +2)
                  | [Felid growth]
  4363 | D:4      | Reached XP level 6. HP: 24/24 MP: 6/13
  4569 | D:4      | Killed from afar by an orc priest
  4570 | D:4      | Reached XP level 5. HP: 0/21 MP: 5/12
  5268 | D:4      | Noticed an orc warrior
  5531 | D:3      | Killed from afar by an orc priest

Illustrated notes

Levels and vault maps discovered:
D:1:      dpeg_arrival_rhombi, layout_loops_ring,
          dreamdust_ecumenical_altar_hidden_monk_grotto, minmay_tiny_reverse_x
D:2:      layout_loops_ring, minmay_misc_feat_square
D:3:      layout_loops_ring, mainiacjoe_overflow_large_starburst, serial_shops,
          nicolae_shop_crystal, shop, kennysheep_another_room
D:4:      cheibrodos_greedy_goblins, layout_rooms, minmay_temple_entry_statues

Skill      XL: |  1  2  3  4  5 |
---------------+----------------+-----
Spellcasting   | 3 4 |  4.2
Summonings     | 5 |  5.8
Hexes          | 3 |  3.0
Dodging        | |  2.6
Stealth        | |  2.6

Action                   |  1- 3 |  4- 6 || total
-------------------------+-------+-------++-------
Melee: Unarmed           |    14 |     5 ||    19
 Cast: Summon Small Mamm |    46 |     8 ||    54
       Call Imp          |    13 |    15 ||    28
       Call Canine Famil |       |    28 ||    28
       Summon Guardian G |       |     1 ||     1
  Use: Scroll            |       |     8 ||     8
 Stab: Sleeping          |     3 |       ||     3
       Distracted        |       |     1 ||     1
Armor: Skin              |     1 |       ||     1
Dodge: Dodged            |    19 |    18 ||    37

Table legend: (Time is in decaauts)
 A = Elapsed time spent in this place.
 B = Non-inter-level travel time spent in this place.
 C = Inter-level travel time spent in this place.
 D = Time resting spent in this place.
 E = Time spent auto-exploring this place.
 F = Levels seen in this place.
 G = Mean time per level.
                   A        B        C        D        E       F      G
               +--------+--------+--------+--------+--------+-----+--------+
         Total |   5027 |   4851 |    176 |   1189 |   2660 |   4 | 1256.8 |
       Dungeon |   5027 |   4851 |    176 |   1189 |   2660 |   4 | 1256.8 |
               +--------+--------+--------+--------+--------+-----+--------+

Top non-repeatable levels by time:
     D:3: 2123 daAuts
     D:1: 1227 daAuts
     D:2: 1053 daAuts
     D:4: 622 daAuts
